 Dungeon Crawl Stone Soup version 0.22.1-1-ga44c0e5 (webtiles) character file.

142657 suicidejoker the Fighter (level 16, -13/220 HPs)
             Began as a Demonspawn Fighter on Oct 16, 2018.
             Was an Initiate of Gozag.
             Mangled by an enormous slime creature (53 damage)
             ... on level 2 of the Pits of Slime.
             The game lasted 01:50:33 (31527 turns).

suicidejoker the Fighter (Demonspawn Fighter)      Turns: 31527, Time: 01:50:33

Health: -13/220    AC: 11    Str: 34      XL:     16   Next: 81%
Magic:  0/31       EV: 16    Int: 10      God:    Gozag
Gold:   1003       SH: 15    Dex: 15 (16) Spells: 26/37 levels left

rFire    . . .     SeeInvis .   U - +1 double sword of the Bear {slice, *Noise rC+++ Str+6 Dex-2}
rCold    + + +     Gourm    .   c - +1 shield
rNeg     + . .     Faith    .   H - +6 scale mail {rN+}
rPois    .         Spirit   +   C - +2 hat
rElec    .         Reflect  .   A - scarf {repulsion}
rCorr    .         Harm     .   (gloves unavailable)
MR       +....     Rnd*Rage +   V - +2 pair of boots {run}
Stlth    ..........             (no amulet)
HPRegen  0.46/turn              n - +3 ring of strength
MPRegen  0.44/turn              s - ring of wizardry

@: berserking, corroded, gold aura, repel missiles, very quick
A: claws 3, fangs 1, horns 1, slimy green scales 1, agile 1, berserk 1, blurry
vision 1, deformed body, deterioration 1, robust 1, screaming 1, spiny 2, magic
shield, magic regeneration
a: Potion Petition, Call Merchant, Bribe Branch, Renounce Religion


You were on level 2 of the Pits of Slime.
You worshipped Gozag.
Gozag was most pleased with you.
You were near starving.

You visited 4 branches of the dungeon, and saw 27 of its levels.
You also visited: Labyrinth, Sewer and Ossuary.

You collected 8543 gold pieces.
You spent 554 gold pieces at shops.
You paid 6986 gold pieces to Gozag.

Inventory:

Hand Weapons
 u - the +1 trident "Tossebb" {pierce, rPois Dex+3 SInv}
   (You acquired it on level 10 of the Dungeon)

   It inflicts extra damage upon your enemies.
   It affects your dexterity (+3).
   It protects you from poison.
   It lets you see invisible.
 E - a +1 vampiric falchion
 L - a +5 scimitar of slicing
 U - the +1 double sword of the Bear (weapon) {slice, *Noise rC+++ Str+6 Dex-2}
   (You acquired it in a labyrinth)

   It inflicts extra damage upon your enemies.
   It affects your strength (+6).
   It affects your dexterity (-2).
   It renders you almost immune to cold.
   It may make noises in combat.
 X - a +0 arbalest
Missiles
 P - 3 throwing nets (quivered)
 Y - 155 bolts
Armour
 c - a +1 shield (worn)
 A - a scarf of repulsion (worn)
 C - a +2 hat (worn)
 H - a +6 scale mail of positive energy (worn)
 V - a +2 pair of boots of running (worn)
Jewellery
 n - a +3 ring of strength (left claw)
 s - a ring of wizardry (right claw)
 y - an uncursed ring of see invisible
 B - an uncursed ring of stealth
Wands
 F - a wand of digging (45)
 J - a wand of acid (2)
 R - a wand of paralysis (8)
 S - a wand of flame (36)
 T - a wand of disintegration (10)
 Z - a wand of iceblast (23)
Scrolls
 a - 5 scrolls of blinking
 j - 4 scrolls of immolation
 o - 3 scrolls of remove curse
 q - 8 scrolls of teleportation
 r - 7 scrolls of identify
 z - 5 scrolls of fear
 O - 2 scrolls of magic mapping
Potions
 g - 4 potions of mutation
 h - 11 potions of curing
 i - 3 potions of lignification
 l - 3 potions of resistance
 m - 8 potions of flight
 v - 4 potions of brilliance
 w - 2 potions of cancellation
 x - 4 potions of agility
 D - a potion of might
 G - 2 potions of invisibility
 K - 3 potions of heal wounds
Miscellaneous
 b - a phantom mirror
 t - a phial of floods
 M - a lightning rod (4/4)
 Q - a lamp of fire
Comestibles
 f - 6 rations


   Skills:
 * Level 14.8 Fighting
   Level 2.6(7.9) Short Blades
 * Level 11.4(11.6) Long Blades
 - Level 2.7 Polearms
 + Level 10.3 Armour
 * Level 9.0 Dodging
 + Level 4.3 Stealth
 + Level 10.3 Shields
 * Level 11.3 Spellcasting
 * Level 4.1 Hexes
 + Level 8.8 Evocations


You had 26 spell levels left.
You knew the following spells:

 Your Spells              Type           Power        Failure   Level  Hunger
a - Confuse               Hex            ##......     9%          3    ##.....
b - Discord               Hex            ##........   100%        8    #######

Your spell library contained the following spells:

 Spells                   Type           Power        Failure   Level  Hunger
 Confusing Touch          Hex            ##....       2%          1    None
 Flame Tongue             Conj/Fire      #....        16%         1    None
 Sting                    Conj/Pois      #...         16%         1    None
 Summon Small Mammal      Summ           #...         16%         1    None
 Summon Guardian Golem    Hex/Summ       #.......     19%         3    ##.....
 Call Imp                 Summ           #.......     22%         2    None
 Poisonous Vapours        Pois/Air       #.....       22%         2    None
 Throw Flame              Conj/Fire      #.....       22%         2    None
 Throw Frost              Conj/Ice       #.....       22%         2    None
 Call Canine Familiar     Summ           #.......     41%         3    ##.....
 Mephitic Cloud           Conj/Pois/Air  #.......     41%         3    ##.....
 Regeneration             Chrm/Necr      #.........   41%         3    ##.....
 Olgreb's Toxic Radiance  Pois           #.......     80%         4    ####...
 Summon Ice Beast         Ice/Summ       #.......     80%         4    ####...
 Summon Lightning Spire   Summ/Air       #.......     80%         4    ####...
 Silence                  Hex/Air        #.........   85%         5    #####..
 Fireball                 Conj/Fire      #.........   98%         5    #####..
 Venom Bolt               Conj/Pois      #.........   98%         5    #####..


Dungeon Overview and Level Annotations

Branches:
Dungeon (15/15)            Temple (1/1) D:4            Lair (6/6) D:9
 Shoals (0/4) Lair:3       Spider (0/4) Lair:3        Slime (5/5) Lair:6
    Orc (0/2) D:11         Vaults (0/5) D:13         Depths (0/5) D:15

Altars:
Ashenzari
Cheibriados
Dithmenos
Elyvilon
Fedhas
Gozag
Hepliaklqana
Kikubaaqudgha
Nemelex Xobeh
Okawaru
Qazlal
Ru
Sif Muna
Trog
Uskayaw
Vehumet
Wu Jian
Yredelemnul
Zin
The Shining One

Shops:
D:6 ?   D:9 ?   D:10 *

Portals:
Trove: D:10 (show slimy rune of Zot)

Annotations:
D:2 Sigmund
D:9 3 runed doors, Xarnata's ghost, novice DEAE
Slime:2 Dissolution
Slime:5 Royal Jelly


Innate Abilities, Weirdness & Mutations

You have claws for hands.
You are partially covered in slimy green scales. (AC +2)
You are mostly covered in sharp spines.
When hurt, damage is shared between your health and your magic reserves.
You regenerate magic rapidly.
You have very sharp teeth.
You have a pair of small horns on your head.
You are agile. (Dex +2)
You tend to lose your temper in combat.
Scrolls take you a little longer to read.
Armour fits poorly on your strangely shaped body.
Your body sometimes deteriorates upon taking damage.
You are robust. (+10% HP)
You occasionally shout uncontrollably at your foes.


Message History

The acid blob is almost dead.
The acid blob spits acid at you. The splash of acid misses you.
The enormous slime creature is distracted by the nearby gold.
The eye of draining gazes at you.
You feel your power leaking away.
The titanic slime creature is struck by your spines.
The titanic slime creature hits you!!!
* * * LOW HITPOINT WARNING * * *
The enormous slime creature quivers.
You slash the acid blob!
Your claws burn!
* * * LOW HITPOINT WARNING * * *
You bite the acid blob!
You kill the acid blob!
You block the slime creature's attack.
Unknown command.
The enormous slime creature is struck by your spines.
The enormous slime creature hits you!!!
You die...
Your body crumbles into a pile of gold.

...............
.................
................#
......G....#.....
......>....#.....
.........G.......
....#...J.......
...#...J$J.....#
.......J@....#
.............#
......#.......#
...........#.##
...........# #
#...........
#...#........
.....#........


You could see a titanic slime creature, 2 enormous slime creatures, a slime
creature, a shining eye and an eye of draining.

Vanquished Creatures
  10 acid blobs
  3 azure jellies (Slime:3)
  Nessos (Lair:6)
  A minotaur (Lab)
  A fire dragon (D:14)
  3 death oozes
  A vault guard (D:13)
  A great orb of eyes (Slime:5)
  Harold (D:9)
  11 hydras
  Erolcha (D:10)
  Erica (D:9)
  A merfolk avatar (Lair:6)
  7 two-headed ogres
  2 catoblepae (Lair:5)
  A tengu warrior (D:11)
  4 centaur warriors
  10 skeletal warriors
  4 sea snakes
  4 unseen horrors
  A glowing orange brain (D:14)
  2 wizards
  A wolf spider (D:13)
  4 shining eyes
  17 ugly things
  4 manticores
  A deep elf mage (D:15)
  67 slime creatures
  A moth of wrath (shapeshifter) (D:13)
  4 black mambas
  2 eyes of devastation
  4 elephants (Lair:6)
  Joseph (D:7)
  3 gargoyles
  7 centaur skeletons
  10 spiny frogs
  8 komodo dragons
  4 demonic crawlers (D:14)
  7 rime drakes
  A yaktaur (D:15)
  3 tengu conjurers
  A queen bee (Lair:2)
  5 trolls
  4 meliai
  3 polar bears
  33 blink frogs
  A hornet (Lair:6)
  16 hippogriffs
  8 dream sheep
  A hippogriff (shapeshifter) (D:13)
  Prince Ribbit (D:8)
  A centaur simulacrum (D:15)
  52 yaks
  2 vampires
  7 redbacks
  A shadow (D:14)
  Grum (D:8)
  4 wraiths
  5 wyverns
  2 basilisks (Lair:3)
  A steam dragon (Lair:3)
  A hungry ghost (D:11)
  3 small abominations (D:14)
  10 vampire mosquitoes
  An acid dragon (D:12)
  A floating eye (D:14)
  7 porcupines
  23 water moccasins
  7 ice beasts
  11 orc warriors
  8 sky beasts
  6 eyes of draining
  2 black bears
  5 necrophages
  16 centaurs
  7 ogres
  18 wolves
  13 crocodiles
  5 big kobolds
  An elf zombie (D:14)
  19 bullfrogs
  A gnoll sergeant (D:7)
  A wyvern skeleton (D:11)
  An elf skeleton (D:14)
  7 scorpions
  44 killer bees
  9 wights
  7 howler monkeys
  4 electric eels
  10 crimson imps
  2 centaur zombies
  9 hounds
  5 jellies
  3 quasits
  10 orc priests
  A human skeleton (D:14)
  A bullfrog skeleton (D:13)
  14 orc wizards
  Jessica (D:3)
  Ijyb (D:3)
  Terence (D:3)
  4 human zombies (D:14)
  3 iguanas
  14 worker ants
  4 hell rats (Lair:5)
  2 hound zombies
  A hound skeleton (D:9)
  3 mummies (Ossuary)
  3 worker ant zombies
  Robin (D:2)
  8 gnolls
  A howler monkey skeleton (D:5)
  17 adders
  10 shadow imps
  4 oozes
  2 adder zombies
  4 worms
  2 dart slugs
  9 leopard geckos
  55 orcs
  5 ball pythons
  11 bats
  5 giant cockroaches
  A gnoll zombie (Ossuary)
  29 goblins
  17 hobgoblins
  12 jackals
  3 quokkas
  8 frilled lizards
  2 goblin zombies (Ossuary)
  6 hobgoblin zombies (Ossuary)
  47 kobolds
  3 kobold zombies (Ossuary)
  A leopard gecko skeleton (D:7)
  2 orc skeletons (D:14)
  A quokka skeleton (D:7)
  4 quokka zombies
  11 rats
  3 rat zombies
  A butterfly (Lair:3)
  A fungus (D:9)
985 creatures vanquished.

Vanquished Creatures (collateral kills)
  An ogre mage (D:15)
  A hornet (D:11)
  An orc warrior (D:11)
  An ogre (D:15)
  A centaur (D:11)
  A crimson imp (D:10)
  3 orc priests (D:11)
  A worker ant (D:10)
  An orc wizard (D:11)
  An adder (D:10)
  5 orcs (D:11)
17 creatures vanquished.

Vanquished Creatures (others)
  A yaktaur captain (D:15)
  2 bushes (D:11)
  9 fungi
  22 plants
34 creatures vanquished.

Grand Total: 1036 creatures vanquished

Notes
Turn   | Place    | Note
-------+----------+-------------------------------------------
     0 | D:1      | suicidejoker the Demonspawn Fighter began the quest for the
                  | Orb.
     0 | D:1      | Reached XP level 1. HP: 18/18 MP: 1/1
    68 | D:1      | Gained mutation: You are partially covered in sharp spines.
                  | [demonic ancestry]
    68 | D:1      | Reached XP level 2. HP: 16/24 MP: 2/2
   396 | D:1      | Found a shattered altar of Ashenzari.
   417 | D:1      | Gained mutation: You are mostly covered in sharp spines.
                  | [demonic ancestry]
   417 | D:1      | Reached XP level 3. HP: 29/29 MP: 3/3
   596 | D:2      | Noticed Robin
   628 | D:2      | HP: 1/30 [kobold/whip (3)]
   631 | D:2      | Killed Robin
   993 | D:2      | Gained mutation: When hurt, damage is shared between your
                  | health and your magic reserves. [demonic ancestry]
   993 | D:2      | Reached XP level 4. HP: 35/37 MP: 4/4
  1178 | D:2      | Noticed Sigmund
  1179 | D:2      | Reached skill level 4 in Fighting
  1202 | D:2      | Gained mutation: You are agile. (Dex +2) [potion of
                  | mutation]
  1202 | D:2      | Gained mutation: You have a pair of small horns on your
                  | head. [potion of mutation]
  1202 | D:2      | Gained mutation: You are robust. (+10% HP) [potion of
                  | mutation]
  2029 | D:3      | Gained mutation: You have sharp fingernails. [demonic
                  | ancestry]
  2029 | D:3      | Reached XP level 5. HP: 34/46 MP: 3/5
  2270 | D:3      | Found an iron altar of Okawaru.
  2334 | D:3      | Noticed Terence
  2349 | D:3      | Killed Terence
  2511 | D:3      | Noticed Jessica
  2517 | D:3      | Killed Jessica
  2517 | D:3      | Reached XP level 6. HP: 55/55 MP: 6/6
  2953 | D:3      | Noticed Ijyb
  2962 | D:3      | Killed Ijyb
  2962 | D:3      | Reached skill level 5 in Fighting
  3115 | D:4      | Found a glowing drain.
  3133 | Sewer    | Entered a sewer
  3445 | D:4      | Found a staircase to the Ecumenical Temple.
  3458 | Temple   | Entered the Ecumenical Temple
  3544 | Temple   | Became a worshipper of Gozag Ym Sagoz the Greedy
  3585 | D:4      | Gained mutation: You regenerate magic rapidly. [demonic
                  | ancestry]
  3585 | D:4      | Reached XP level 7. HP: 28/61 MP: 3/7
  3911 | D:4      | Found a blossoming altar of Fedhas.
  4302 | D:4      | Reached skill level 6 in Fighting
  4715 | D:5      | Entered Level 5 of the Dungeon
  4756 | D:5      | Gained mutation: You have very sharp fingernails. [demonic
                  | ancestry]
  4756 | D:5      | Reached XP level 8. HP: 46/71 MP: 6/8
  5043 | D:5      | Reached skill level 7 in Fighting
  5249 | D:5      | Found a deep blue altar of Sif Muna.
  5250 | D:5      | Found a shadowy altar of Dithmenos.
  5250 | D:5      | Found an iron altar of Okawaru.
  5250 | D:5      | Found an ancient bone altar of Kikubaaqudgha.
  5256 | D:5      | Found a hazy altar of Hepliaklqana.
  5256 | D:5      | Found a basalt altar of Yredelemnul.
  5344 | D:6      | Reached skill level 5 in Shields
  5359 | D:6      | Reached skill level 5 in Armour
  5514 | D:6      | Found a glowing golden altar of the Shining One.
  5775 | D:6      | Found Ascho's Magic Scroll Shop.
  5778 | D:6      | Bought a scroll of brand weapon for 260 gold pieces
  5933 | D:6      | Reached skill level 8 in Fighting
  5933 | D:6      | Reached skill level 5 in Long Blades
  5986 | D:6      | Gained mutation: You are partially covered in slimy green
                  | scales. (AC +2) [demonic ancestry]
  5986 | D:6      | Reached XP level 9. HP: 22/81 MP: 4/9
  6453 | D:6      | HP: 4/81 [orc warrior/scimitar (11)]
  6937 | D:7      | Noticed Joseph
  6955 | D:7      | Killed Joseph
  7017 | D:7      | Reached skill level 9 in Fighting
  7315 | D:7      | Found a glowing silver altar of Zin.
  7474 | D:7      | Got a sapphire flail
  7484 | D:7      | Identified the +1 flail "Addal" {crush, rN+ MR++ Str-4}
                  | (You found it on level 7 of the Dungeon)
  7792 | D:8      | Found a white marble altar of Elyvilon.
  7965 | D:8      | Found a sand-covered staircase.
  7973 | Ossuary  | Entered an ossuary
  8466 | D:8      | Identified the Volume of Talismans and Hexes
  8474 | D:8      | Noticed Prince Ribbit
  8508 | D:8      | Killed Prince Ribbit
  8508 | D:8      | Reached XP level 10. HP: 31/92 MP: 3/10
  8647 | D:8      | Noticed a two-headed ogre
  8667 | D:8      | Killed a two-headed ogre
  8667 | D:8      | Reached skill level 1 in Dodging
  8667 | D:8      | Reached skill level 1 in Spellcasting
  8667 | D:8      | Reached skill level 1 in Evocations
  8723 | D:8      | Noticed Grum
  8784 | D:8      | Killed Grum
  8784 | D:8      | Reached skill level 10 in Fighting
  9092 | D:8      | Found a snail-covered altar of Cheibriados.
  9094 | D:8      | Found a hide-covered altar of Uskayaw.
  9200 | D:9      | Noticed Harold
  9214 | D:9      | Killed Harold
  9233 | D:9      | Noticed a wizard
  9237 | D:9      | Noticed a gargoyle
  9251 | D:9      | Killed a wizard
  9262 | D:9      | Killed a gargoyle
  9491 | D:9      | Found a runed gate.
  9492 | D:9      | Found a runed gate.
  9499 | D:9      | Found a runed gate.
  9499 | D:9      | Noticed Xarnata's ghost (novice DEAE)
  9530 | D:9      | Found a staircase to the Lair.
  9573 | D:9      | Found a stormy altar of Qazlal.
  9924 | D:9      | Noticed Erica
  9933 | D:9      | Reached XP level 11. HP: 84/101 MP: 16/16
  9965 | D:9      | Killed Erica
 10214 | D:9      | Reached skill level 1 in Short Blades
 10366 | D:9      | Noticed a two-headed ogre
 10385 | D:9      | Killed a two-headed ogre
 10762 | D:9      | Found Ideimiad's Magic Scroll Shoppe.
 10894 | D:9      | Identified a +1 pair of boots of running (You found it on
                  | level 9 of the Dungeon)
 11035 | D:9      | Noticed a two-headed ogre
 11061 | D:9      | Killed a two-headed ogre
 11467 | D:10     | Entered Level 10 of the Dungeon
 11578 | D:10     | Reached skill level 11 in Fighting
 11593 | D:10     | Noticed Erolcha
 11600 | D:10     | Killed Erolcha
 11600 | D:10     | Reached skill level 5 in Spellcasting
 11867 | D:10     | Noticed a three-headed hydra
 11882 | D:10     | Killed a three-headed hydra
 12124 | D:10     | Found a portal to a secret trove of treasure.
 12171 | D:10     | Found Sodip's Assorted Antiques.
 12176 | D:10     | Bought a scroll labeled ZUWKEVE JUTY for 31 gold pieces
 12176 | D:10     | Bought a scroll labeled IWIDIO ELANLEHU for 31 gold pieces
 12179 | D:10     | Got an encrusted trident
 12180 | D:10     | Identified the +1 trident "Tossebb" {pierce, rPois Dex+3
                  | SInv} (You acquired it on level 10 of the Dungeon)
 12418 | D:11     | Noticed a white ugly thing
 12429 | D:11     | Killed a white ugly thing
 12441 | D:11     | Reached XP level 12. HP: 38/110 MP: 11/20
 12454 | D:11     | Reached skill level 1 in Polearms
 12465 | D:11     | Found a blossoming altar of Fedhas.
 12506 | D:11     | Found a staircase to the Orcish Mines.
 13154 | D:11     | Noticed a tengu warrior
 13168 | D:11     | Killed a tengu warrior
 13357 | D:11     | Reached skill level 5 in Evocations
 13649 | D:12     | Reached skill level 12 in Fighting
 14355 | D:11     | Reached skill level 5 in Dodging
 14442 | D:10     | Bought a scroll of enchant weapon for 232 gold pieces
 14590 | D:13     | Reached XP level 13. HP: 113/118 MP: 21/23
 15410 | D:13     | Found a gate to the Vaults.
 16602 | D:14     | Gained mutation: You have claws for hands. [demonic
                  | ancestry]
 16602 | D:14     | Reached XP level 14. HP: 57/127 MP: 26/26
 16645 | D:14     | Reached skill level 13 in Fighting
 17234 | D:14     | Identified Fostir's Papyrus of Battle Magic
 17311 | D:14     | Paralysed by a floating eye for 3 turns
 17571 | D:14     | Found a basalt altar of Yredelemnul.
 17854 | D:15     | Entered Level 15 of the Dungeon
 18603 | D:15     | Found a staircase to the Depths.
 20506 | Lair:1   | Entered Level 1 of the Lair of Beasts
 22406 | Lair:3   | Found a labyrinth entrance.
 22442 | Lair:3   | Got a twisted hand axe
 22448 | Lair:3   | Identified the cursed +3 hand axe of the New World {chop,
                  | Str+9 Int-3} (You found it on level 3 of the Lair of
                  | Beasts)
 22450 | Lab      | Entered a labyrinth
 22467 | Lab      | Reached XP level 15. HP: 137/137 MP: 28/28
 22562 | Lab      | Reached skill level 10 in Long Blades
 22567 | Lab      | Got a fine double sword
 22568 | Lab      | Identified the +1 double sword of the Bear {slice, *Noise
                  | rC+++ Str+6 Dex-2} (You acquired it in a labyrinth)
 22611 | Lair:3   | Reached skill level 1 in Stealth
 22617 | Lair:3   | Reached skill level 10 in Spellcasting
 22763 | Lair:3   | Found a staircase to the Shoals.
 22861 | Lair:3   | Found a hole to the Spider Nest.
 24478 | Lair:5   | HP: 6/137 [manticore (1)]
 24478 | Lair:5   | HP: 1/137 [catoblepas (4)]
 24492 | Lair:5   | HP: 3/137 [catoblepas (6)]
 24493 | Lair:5   | Reached skill level 14 in Fighting
 25620 | Lair:6   | Entered Level 6 of the Lair of Beasts
 25620 | Lair:6   | Noticed Nessos
 25626 | Lair:6   | Killed Nessos
 26238 | Lair:6   | Identified the +10 quarterstaff "Myzegourgh" {crush, Str+3}
                  | (You found it on level 6 of the Lair of Beasts)
 26363 | Lair:6   | Reached skill level 10 in Armour
 26424 | Lair:6   | Found a staircase to the Slime Pits.
 26431 | Lair:6   | Identified the +7 mace of Detahian {crush, rF+ Int+4} (You
                  | found it on level 6 of the Lair of Beasts)
 27172 | Slime:1  | Entered Level 1 of the Pits of Slime
 27191 | Lair:6   | Learned a level 3 spell: Confuse
 27200 | Lair:6   | Learned a level 8 spell: Discord
 27219 | Slime:1  | You fall through a shaft!
 27219 | Slime:2  | Noticed an acid blob
 27228 | Slime:3  | Noticed an acid blob
 27234 | Slime:3  | Noticed an azure jelly
 27234 | Slime:3  | Noticed an azure jelly
 27239 | Slime:3  | Killed an acid blob
 27239 | Slime:3  | Reached skill level 10 in Shields
 27240 | Slime:3  | Killed an azure jelly
 27240 | Slime:3  | Reached XP level 16. HP: 55/147 MP: 16/30
 27525 | Slime:3  | Reached skill level 1 in Hexes
 27532 | Slime:3  | Noticed an acid blob
 27542 | Slime:3  | Killed an acid blob
 27759 | Slime:3  | Noticed an acid blob
 27768 | Slime:3  | Killed an acid blob
 27853 | Slime:3  | Noticed an acid blob
 27869 | Slime:3  | Killed an acid blob
 28121 | Slime:3  | Gained mutation: You have very sharp teeth. [a shining eye]
 28123 | Slime:3  | Gained mutation: Scrolls take you a little longer to read.
                  | [a shining eye]
 28600 | Slime:4  | Noticed an acid blob
 28677 | Slime:3  | Killed an acid blob
 29082 | Slime:4  | Lost mutation: Scrolls take you a little longer to read. [a
                  | shining eye]
 29525 | Slime:5  | Entered Level 5 of the Pits of Slime
 29525 | Slime:5  | Noticed an acid blob
 29530 | Slime:5  | Gained mutation: You tend to lose your temper in combat. [a
                  | shining eye]
 29535 | Slime:4  | Killed an acid blob
 29779 | Slime:5  | Noticed an acid blob
 29902 | Slime:5  | Killed an acid blob
 29909 | Slime:5  | Noticed an acid blob
 30248 | Slime:5  | Noticed an acid blob
 30261 | Slime:5  | Killed an acid blob
 30269 | Slime:5  | Gained mutation: Scrolls take you a little longer to read.
                  | [a shining eye]
 30274 | Slime:5  | Gained mutation: You occasionally shout uncontrollably at
                  | your foes. [a shining eye]
 30275 | Slime:5  | Gained mutation: Your body sometimes deteriorates upon
                  | taking damage. [a shining eye]
 30276 | Slime:5  | Gained mutation: Armour fits poorly on your strangely
                  | shaped body. [a shining eye]
 30534 | Slime:5  | Noticed an acid blob
 30792 | Slime:5  | Killed an acid blob
 30806 | Slime:5  | Noticed the Royal Jelly
 31090 | Slime:2  | Noticed Dissolution
 31497 | Slime:2  | Noticed an acid blob
 31508 | Slime:2  | Paralysed by a floating eye for 2 turns
 31526 | Slime:2  | Killed an acid blob
 31527 | Slime:2  | Mangled by an enormous slime creature

Skill      XL: |  1  2  3  4  5  6  7  8  9 10 11 12 13 14 15 16 |
---------------+-------------------------------------------------+-----
Long Blades    | 2 3 4 5 6 7 8 9 10 11 | 11.4
Armour         | 3 4 5 6 7 8 9 10 | 10.3
Shields        | 3 4 5 6 7 8 9 10 | 10.3
Fighting       | 4 5 6 8 9 10 11 12 13 14 | 14.8
Dodging        | 2 3 5 6 8 9 |  9.0
Spellcasting   | 3 5 7 8 9 10 11 | 11.3
Evocations     | 2 4 5 6 7 8 |  8.8
Short Blades   | 2 |  2.6
Polearms       | 2 |  2.7
Stealth        | 3 4 |  4.3
Hexes          | 4 |  4.1

Action                   |  1- 3 |  4- 6 |  7- 9 | 10-12 | 13-15 | 16-18 || total
-------------------------+-------+-------+-------+-------+-------+-------++-------
Melee: Long sword        |    86 |    93 |       |       |       |       ||   179
       Headbutt          |       |    31 |    99 |   278 |   437 |   108 ||   953
       Hand axe          |       |   153 |   306 |       |       |       ||   459
       Trident           |       |       |   129 |   170 |       |       ||   299
       Dagger            |       |       |       |   572 |       |       ||   572
       Falchion          |       |       |       |   254 |   444 |       ||   698
       Scimitar          |       |       |       |    45 |   437 |       ||   482
       Great sword       |       |       |       |       |     6 |       ||     6
       Double sword      |       |       |       |       |   453 |   237 ||   690
       Bite              |       |       |       |       |       |    51 ||    51
Throw: Stone             |     9 |    10 |       |       |       |       ||    19
       Throwing net      |       |     1 |       |     2 |     1 |     1 ||     5
       Tomahawk          |       |       |       |       |       |     7 ||     7
Invok: Potion Petition   |       |       |       |     7 |     7 |     2 ||    16
Evoke: Wand              |       |       |       |    38 |    36 |    20 ||    94
       Box of beasts     |       |       |       |     7 |     1 |       ||     8
       Phial of floods   |       |       |       |     1 |     1 |       ||     2
       Lightning rod     |       |       |       |       |     9 |       ||     9
       Lamp of fire      |       |       |       |       |     2 |     1 ||     3
  Use: Potion            |     2 |     1 |     5 |    11 |     6 |     1 ||    26
       Scroll            |       |     5 |     6 |    26 |    13 |     2 ||    52
 Stab: Distracted        |       |       |     1 |     7 |    13 |     1 ||    22
       Paralysed         |       |       |       |    51 |    44 |     3 ||    98
       Held in net/web   |       |       |       |     2 |     3 |       ||     5
       Invisible         |       |       |       |     1 |       |       ||     1
       Sleeping          |       |       |       |       |     3 |       ||     3
       Petrified         |       |       |       |       |     2 |       ||     2
  Eat: Chunk             |       |     5 |       |       |       |       ||     5
       Ration            |       |     5 |     6 |    13 |    15 |     3 ||    42
Armor: Scale mail        |    43 |    72 |   145 |   281 |   586 |   102 ||  1229
Dodge: Dodged            |    33 |    80 |   117 |   296 |   657 |   132 ||  1315
       Deflected         |       |       |    11 |    16 |    17 |    10 ||    54
Block: Shield            |    47 |   156 |   271 |   503 |   634 |   185 ||  1796
       Rpst.: Long sword |    11 |     9 |       |       |       |       ||    20
       Falchion          |       |       |       |    19 |    53 |       ||    72
       Scimitar          |       |       |       |     1 |    35 |       ||    36
       Great sword       |       |       |       |       |     2 |       ||     2
       Double sword      |       |       |       |       |    68 |    34 ||   102
